Map: Лунный мир РВ (LotV)

Players

Minato - Winner!

  • Race: Zerg Zerg
  • League: Master

ShaDoWn

  • Race: Zerg Zerg
  • League: Diamond

VOD

Have the link to the VOD?

Description

Time

  • Played on: Oct. 19, 2015, 6:35 a.m.
  • Length: 4:07
Show
View Real Time Build Order
Export as new Build Order

Minato Zerg - Winner!

Build Orders: Hatch First 

Get SALT Encoding   

  12  0:01  Drone  
  13  0:12  Overlord  
  13  0:18  Drone  
  14  0:31  Drone x2  
  14  0:35  Drone  
  17  0:53  Hatchery  
  17  0:56  Drone  
  17  0:59  Drone  
  18  1:10  Extractor  
  17  1:14  Spawning Pool  
  17  1:16  Drone  
  17  1:19  Drone  
  18  1:28  Drone  
  19  1:40  Overlord  
  19  1:56  Drone  
  19  2:01  Queen  
  20  2:03  Zergling x2  
  20  2:05  Queen  
  20  2:06  Drone  
  26  2:14  Metabolic Boost  
  26  2:21  Overlord  
  26  2:23  Drone x2  
  29  2:30  Drone  
  29  2:37  Queen  
  29  2:41  Drone x2  
  33  2:45  Overlord  
  33  2:48  Drone  
  34  3:03  Roach Warren  
  33  3:10  Zergling x2  
  33  3:11  Zergling x12  
  40  3:15  Zergling x4  
  40  3:16  Zergling x2  
  43  3:22  Overlord  
  43  3:25  Drone  
  43  3:26  Extractor  
  42  3:39  Overlord x2  
  42  3:40  Drone  
  43  3:49  Drone  
  43  3:50  Drone x5  
Show
View Real Time Build Order
Export as new Build Order

ShaDoWn Zerg 

Build Orders: Hatch First 

Get SALT Encoding   

  12  0:01  Drone  
  13  0:07  Drone  
  14  0:17  Overlord  
  14  0:23  Extractor  
  14  0:24  Drone  
  15  0:35  Drone  
  16  0:36  Drone  
  17  0:57  Hatchery  
  17  0:58  Drone  
  17  1:04  Drone  
  17  1:06  Drone  
  19  1:16  Spawning Pool  
  18  1:22  Drone  
  18  1:23  Extractor  
  18  1:29  Drone  
  19  1:44  Overlord  
  19  1:52  Drone  
  20  2:00  Drone  
  21  2:03  Queen  
  23  2:08  Queen  
  23  2:09  Zergling x2  
  23  2:12  Drone  
  27  2:20  Drone  
  27  2:21  Drone  
  29  2:24  Metabolic Boost  
  29  2:31  Overlord  
  29  2:33  Drone  
  30  2:43  Drone  
  30  2:44  Drone, Queen  
  32  2:49  Queen  
  36  2:54  Overlord  
  36  3:14  Hatchery  
  36  3:15  Drone x4  
  36  3:16  Drone  
  36  3:17  Drone x2  
  42  3:21  Overlord  
  42  3:24  Drone  
  42  3:25  Drone  
  44  3:38  Overlord x2  
  44  3:41  Zergling x4  
Tags
 
Add a new tag
Caveats
  • Supply blocks, unpowered buildings, or Contaminate may cause inaccurate times.
  • Supply counts are checked every 10 seconds.